 Dungeon Crawl Stone Soup version 0.23-b1-70-gd12f7cf (webtiles) character file.

Game seed: 12062426911027907027

140 Yuikono the Unweaver (level 5, -2/43 HPs)
             Began as a Demonspawn Abyssal Knight on Feb 6, 2019.
             Was a Follower of Lugonu.
             Slain by an orc priest
             ... wielding a +0 short sword
              (6 damage)
             ... on level 3 of the Dungeon.
             The game lasted 00:04:58 (2797 turns).

Yuikono the Unweaver (Demonspawn Abyssal Knight)    Turns: 2797, Time: 00:04:58

Health: -2/43      AC:  3    Str: 12    XL:     5   Next: 2%
Magic:  8/8        EV: 11    Int: 14    God:    Lugonu [*.....]
Gold:   92         SH:  0    Dex: 13    Spells: 4/4 levels left

rFire    . . .     SeeInvis .   a - +1 spear
rCold    + . .     Gourm    .   (no shield)
rNeg     . . .     Faith    .   b - +0 leather armour
rPois    .         Spirit   .   (helmet restricted)
rElec    .         Reflect  .   (no cloak)
rCorr    .         Harm     .   (no gloves)
MR       .....                  (no boots)
Stlth    +.........             (no amulet)
HPRegen  0.14/turn              (no ring)
MPRegen  0.11/turn              p - +1 ring of slaying

@: no status effects
A: antennae 1, cold resistance 1
a: Depart the Abyss, Renounce Religion


You were on level 3 of the Dungeon.
You worshipped Lugonu.
Lugonu was aware of your devotion.
You were hungry.

You visited 1 branch of the dungeon, and saw 3 of its levels.
You visited the Abyss 1 time.

You collected 92 gold pieces.

Inventory:

Hand Weapons
 a - a +1 spear (weapon)
Missiles
 l - 18 arrows
 m - 17 sling bullets
 q - 26 stones (quivered)
 s - 38 bolts
Armour
 b - a +0 leather armour (worn)
Jewellery
 j - an uncursed ring of fire
 p - a +1 ring of slaying (right hand)
Wands
 v - a wand of random effects (20)
Scrolls
 d - 2 scrolls of random uselessness {unknown}
 e - 5 scrolls of identify {unknown}
 f - 2 scrolls of enchant weapon {unknown}
 g - 2 scrolls of amnesia {unknown}
 o - 2 scrolls of remove curse {unknown}
 r - a scroll of magic mapping {unknown}
 u - 2 scrolls of blinking {unknown}
Potions
 h - 2 potions of heal wounds {unknown}
 i - 3 potions of curing {unknown}
 k - a potion of resistance {unknown}
 n - a potion of flight {unknown}
 t - a potion of degeneration {unknown}
Comestibles
 c - 4 rations


   Skills:
 + Level 4.5 Fighting
 - Level 1.9 Polearms
 - Level 1.7 Armour
 - Level 0.8 Dodging
 + Level 5.0 Invocations


You had 4 spell levels left.
You didn't know any spells.
Your spell library was empty.

Dungeon Overview and Level Annotations

Branches:
Dungeon (3/15)

Altars:


Innate Abilities, Weirdness & Mutations

You have a pair of small antennae on your head.
Your flesh is cold resistant. (rC+)


Message History

The orc priest is heavily wounded.
The orc barely misses you. The orc priest misses you.
A worm comes into view.
You hit the orc priest but do no damage.
The orc priest is heavily wounded.
The orc priest hits you but does no damage.
You closely miss the orc priest.
The orc priest is heavily wounded.
The orc priest mumbles some strange prayers to Beogh against you.
Beogh smites you!
* * * LOW HITPOINT WARNING * * *
The orc hits you but does no damage. The orc closely misses you.
The orc wizard mumbles some strange words.
The orc wizard seems to speed up.
The orc hits you with a +0 mace.
* * * LOW HITPOINT WARNING * * *
You see here 11 gold pieces.
You hit the orc priest.
The orc priest is severely wounded.
The orc priest hits you with a +0 short sword.
You die...

### ..# #.# #.#
#.#.###o########
....og.oo@.....#
#.#w###K######.#
#.# #.# ..# #.#
#########.####
#........# #.#
#.###.##.# #.#
#.# #.##.# ###.#
#+## #.# #.##.#


You could see a worm, an orc priest, an orc wizard, 2 orcs, a hobgoblin and a
kobold.

Vanquished Creatures
  Jessica (D:2)
  Ijyb (D:3)
  5 adders (D:2)
  A worm (D:2)
  A dart slug (D:1)
  A leopard gecko (D:1)
  3 bats
  3 giant cockroaches
  6 goblins
  2 hobgoblins (D:2)
  6 jackals
  4 kobolds
  A ball python (D:2)
  6 rats
41 creatures vanquished.

Notes
Turn   | Place    | Note
-------+----------+-------------------------------------------
     0 | Abyss:1  | Yuikono the Demonspawn Abyssal Knight began the quest for
                  | the Orb.
     0 | Abyss:1  | Reached XP level 1. HP: 18/18 MP: 2/2
    57 | Abyss:1  | Found a corrupted altar of Lugonu.
   111 | Abyss:1  | Found a corrupted altar of Lugonu.
   141 | Abyss:1  | Noticed a six-headed hydra skeleton
   147 | Abyss:1  | Noticed a raiju
   147 | Abyss:1  | Noticed a large abomination
   151 | Abyss:1  | Noticed a quasit
   160 | D:1      | Escaped the Abyss
   253 | D:1      | Reached * piety under Lugonu
   324 | D:1      | Gained mutation: You have a pair of small antennae on your
                  | head. [demonic ancestry]
   324 | D:1      | Reached XP level 2. HP: 24/24 MP: 4/4
   486 | D:1      | Reached skill level 3 in Invocations
  1140 | D:2      | Reached XP level 3. HP: 29/29 MP: 5/5
  1696 | D:2      | Reached skill level 4 in Invocations
  2083 | D:2      | Noticed Jessica
  2091 | D:2      | Killed Jessica
  2091 | D:2      | Reached XP level 4. HP: 37/37 MP: 7/7
  2451 | D:3      | Noticed Ijyb
  2669 | D:3      | Killed Ijyb
  2669 | D:3      | Reached skill level 5 in Invocations
  2669 | D:3      | Gained mutation: Your flesh is cold resistant. (rC+)
                  | [demonic ancestry]
  2669 | D:3      | Reached XP level 5. HP: 33/43 MP: 8/8
  2797 | D:3      | Slain by an orc priest

Skill      XL: |  1  2  3  4 |
---------------+-------------+-----
Invocations    | 3 4 5 |  5.0
Fighting       | 4 |  4.5
Polearms       | |  1.9
Armour         | |  1.7
Dodging        | |  0.8

Action                   |  1- 3 |  4- 6 || total
-------------------------+-------+-------++-------
Melee: Spear             |    99 |    58 ||   157
Invok: Depart the Abyss  |     1 |       ||     1
 Stab: Sleeping          |     1 |       ||     1
  Eat: Chunk             |     2 |     3 ||     5
Armor: Leather armour    |    25 |    14 ||    39
Dodge: Dodged            |    52 |    44 ||    96
